 Dungeon Crawl Stone Soup version 0.30.1-11-g7821555f0a (webtiles) character file.

Game seed: 15207276038301232804

160282 Nepgya the Unseen (level 16, -8/124 HPs)
             Began as a Vampire Enchanter on Dec 17, 2023.
             Was the Champion of Kikubaaqudgha.
             Mangled by a tyrant leech (43 damage)
             ... called by a spriggan druid
             ... on level 4 of the Swamp on Dec 18, 2023.
             The game lasted 02:05:02 (31620 turns).

Nepgya the Unseen (Vampire Enchanter)              Turns: 31620, Time: 02:05:03

Health: -8/124     AC: 15    Str:  7    XL:     16   Next: 91%
Magic:  26/30      EV: 18    Int: 24    God:    Kikubaaqudgha [******]
Gold:   2223       SH:  0    Dex: 16    Spells: 4/36 levels left

rFire   . . .        R - +8 quick blade (vamp)
rCold   + . .        (no shield)
rNeg    . . .        q - +2 robe {Will+}
rPois   +            p - +2 hat
rElec   +            G - +0 cloak {rCorr}
rCorr   +            Q - +2 pair of gloves "Xelej" {rElec rC+ Stlth+}
SInv    +            v - +0 pair of boots
Will    ++...        a - amulet of regeneration
Stlth   ++++         V - ring of Veiwn {AC+4 Slay+2}
HPRegen 1.40/turn    Z - ring of poison resistance
MPRegen 0.22/turn

%: no passive effects
@: death channelling, healing quickly, very slow
A: alive, fangs 3, see invisible, vampiric 2
}: 1/15 runes: decaying
a: Exsanguinate, Renounce Religion, Unearth Wretches, Torment


You were on level 4 of the Swamp.
You worshipped Kikubaaqudgha.
Kikubaaqudgha was exalted by your worship.
You visited 5 branches of the dungeon, and saw 27 of its levels.
You also visited: Bailey.

You collected 2842 gold pieces.
You spent 619 gold pieces at shops.

Inventory:

Hand Weapons
 R - a +8 vampiric quick blade (weapon)
Missiles
 e - 19 poisoned darts
 i - 3 throwing nets
 x - 10 curare-tipped darts
Armour
 g - a +1 robe of fire resistance
 n - a +1 robe of cold resistance
 p - a +2 hat (worn)
 q - a +2 robe of willpower (worn)
 v - a +0 pair of boots (worn)
 G - a +0 cloak of preservation (worn)
 Q - the +2 pair of gloves "Xelej" (worn) {rElec rC+ Stlth+}
   (You acquired it on level 5 of the Lair of Beasts)

   rC:        It protects you from cold.
   rElec:     It insulates you from electricity.
   Stlth:     It makes you more stealthy.
Jewellery
 a - an amulet of regeneration (around neck)
 u - a +5 ring of evasion
 K - an amulet of faith
 P - an amulet of guardian spirit
 V - the ring of Veiwn (left hand) {AC+4 Slay+2}
   (You took it off a centaur on level 11 of the Dungeon)

   [ring of protection]

   AC:        It affects your AC (+4).
   Slay:      It affects your accuracy & damage with ranged weapons and melee
   (+2).
 Z - a ring of poison resistance (right hand)
Wands
 t - a wand of roots (35)
 D - a wand of charming (26)
 F - a wand of quicksilver (6)
 O - a wand of mindburst (10)
 T - a wand of digging (10)
Scrolls
 j - 13 scrolls of teleportation
 k - 4 scrolls of fog
 l - 3 scrolls of vulnerability
 o - 6 scrolls of enchant armour
 w - 5 scrolls of immolation
 y - 3 scrolls of blinking
 A - 2 scrolls of amnesia
 B - 2 scrolls of poison
 C - 2 scrolls of butterflies
 H - a scroll of silence
 L - a scroll of brand weapon
 M - 2 scrolls of torment
 U - 2 scrolls of noise
 Y - 3 scrolls of magic mapping
Potions
 b - 6 potions of haste
 c - a potion of invisibility
 d - 8 potions of curing
 f - 4 potions of cancellation
 h - 6 potions of attraction
 m - 4 potions of mutation
 r - 3 potions of ambrosia
 s - 5 potions of brilliance
 z - 6 potions of might
 E - 2 potions of heal wounds
 I - 3 potions of flight
 N - 4 potions of lignification
 S - a potion of magic
 W - a potion of resistance
Miscellaneous
 J - a condenser vane
 X - a lightning rod (4/4)


   Skills:
 + Level 10.7 Fighting
 - Level 10.0 Short Blades
 + Level 11.0 Dodging
 - Level 17.0 Stealth
 + Level 10.7 Spellcasting
 - Level 10.0 Hexes
 + Level 14.4 Summonings
 + Level 15.6 Necromancy


You had 4 spell levels left.
You knew the following spells:

 Your Spells              Type           Power      Damage    Failure   Level
a - Ensorcelled Hibernat  Hex/Ice        72%        N/A       1%          2
b - Tukima's Dance        Hex            57%        N/A       1%          3
c - Dazzling Flash        Conj/Hex       72%        N/A       1%          3
d - Haunt                 Necr/Summ      35%        N/A       9%          7
e - Animate Dead          Necr           73%        N/A       1%          4
f - Death Channel         Necr           36%        N/A       1%          6
g - Borgnjor's Vile Clut  Necr/Erth      25%        N/A       5%          5
h - Blink                 Tloc           24%        N/A       8%          2

Your spell library contained the following spells:

 Spells                   Type           Power      Damage    Failure   Level
 Necrotise                Necr           100%       1d9       0%          1
 Summon Small Mammal      Summ           100%       N/A       0%          1
 Kiss of Death            Conj/Necr      100%       2d13      1%          1
 Cigotuvi's Dreadful Rot  Necr/Pois/Air  74%        N/A       1%          2
 Call Canine Familiar     Summ           70%        N/A       1%          3
 Confusing Touch          Hex            57%        N/A       1%          3
 Portal Projectile        Hex/Tloc       72%        N/A       1%          3
 Summon Guardian Golem    Hex/Summ       64%        N/A       1%          3
 Vampiric Draining        Necr           73%        2d11      1%          3
 Cause Fear               Hex            28%        N/A       1%          4
 Dispel Undead            Necr           73%        3d24      1%          4
 Shock                    Conj/Air       48%        1d6       4%          1
 Leda's Liquefaction      Hex/Erth       18%        N/A       6%          4
 Lesser Beckoning         Tloc           24%        N/A       8%          2
 Momentum Strike          Conj/Tloc      24%        3d8       8%          2
 Poisonous Vapours        Pois/Air       24%        N/A       8%          2
 Hailstorm                Conj/Ice       12%        3d5       14%         3
 Ignite Poison            Fire/Tmut/Pois 12%        N/A       14%         3
 Swiftness                Air            12%        N/A       14%         3
 Airstrike                Air            6%         2d(1-17)  43%         4
 Ice Form                 Ice/Tmut       12%        N/A       43%         4
 Passage of Golubria      Tloc           12%        N/A       43%         4
 Sticky Flame             Conj/Fire      12%        2d4       43%         4
 Agony                    Necr           73%        N/A       1%          5
 Summon Mana Viper        Hex/Summ       64%        N/A       1%          5
 Summon Hydra             Summ           35%        N/A       11%         7
 Silence                  Hex/Air        18%        N/A       17%         5
 Yara's Violent Unravell  Hex/Tmut       18%        3d9       17%         5
 Simulacrum               Ice/Necr       25%        N/A       30%         6
 Infestation              Necr           36%        N/A       45%         8
 Lee's Rapid Deconstruct  Erth           6%         3d6*      80%         5
 Malign Gateway           Summ/Tloc      23%        N/A       91%         7
 Statue Form              Tmut/Erth      8%         N/A       100%        6
 Dragon Form              Tmut           6%         N/A       100%        7
 Ignition                 Fire           6%         3d4       100%        8
 Lehudib's Crystal Spear  Conj/Erth      6%         10d3      100%        8
 Dragon's Call            Summ           35%        N/A       100%        9


Dungeon Overview and Level Annotations

Branches:
Dungeon (15/15)            Temple (1/1) D:5            Lair (5/5) D:8
  Swamp (4/4) Lair:2       Spider (0/4) Lair:3        Slime (0/5) Lair:5
    Orc (2/2) D:11            Elf (0/3) Orc:2        Vaults (0/5) D:14
 Depths (0/4) D:15         Bailey (visited)

Altars:
Ashenzari
Cheibriados
Dithmenos
Fedhas
Gozag
Hepliaklqana
Kikubaaqudgha
Makhleb
Nemelex Xobeh
Okawaru
Qazlal
Ru
Sif Muna
Trog
Uskayaw
Vehumet
Wu Jian
Xom
Yredelemnul
Jiyva

Shops:
D:10 :   D:11 [   Orc:2 *(!(

Annotations:
D:5 5 runed translucent doors
D:11 3 runed translucent doors, bimbombam's ghost, novice DrCj
Temple 2 transporters
Orc:1 3 runed translucent doors, ripuliukko's ghost, adept GrEE


Innate Abilities, Weirdness & Mutations

Your natural rate of healing is accelerated.
You have razor-sharp teeth.
You have supernaturally acute eyesight. (SInv)
You are afflicted with vampirism and can become a bat while bloodless.


Message History

The ghost crab holds its ground!
The tyrant leech is engulfed in spectral mist.
The tyrant leech misses you.
You hear a shout!
You feel much better.
You are engulfed in spectral mist.
Your spectral spriggan druid closely misses the seven-headed hydra.
The seven-headed hydra closely misses you.
The seven-headed hydra bites you!
* * * LOW HITPOINT WARNING * * *
The seven-headed hydra completely misses you.
The seven-headed hydra bites you!
* * * LOW HITPOINT WARNING * * *
The seven-headed hydra closely misses you.
The seven-headed hydra bites you.
* * * LOW HITPOINT WARNING * * *
The seven-headed hydra bites you!!
* * * LOW HITPOINT WARNING * * *
The spriggan rider hits your spectral spriggan druid with a +0 spear!!
Your spectral spriggan druid is destroyed!
The ghost crab bites your swamp dragon zombie!
The ghost crab claws your swamp dragon zombie.
The spectral spriggan berserker misses you.
Your spectral spriggan hits the seven-headed hydra.
Your spectral goliath frog hits the ghost crab!
You feel much better.
You are engulfed in spectral mist.
The seven-headed hydra bites your spectral spriggan!
The seven-headed hydra bites your spectral spriggan!!
Your spectral spriggan is destroyed!
The seven-headed hydra misses you.
The seven-headed hydra barely misses you.
The seven-headed hydra closely misses you.
The seven-headed hydra misses you. x2
Your swamp dragon zombie bites the ghost crab!
Your swamp dragon zombie claws the ghost crab.
Your swamp dragon zombie tramples the ghost crab but does no damage.
Your spectral goliath frog closely misses the ghost crab.
The tyrant leech is engulfed in spectral mist.
The tyrant leech bites you!!!
You die...
Kikubaaqudgha rasps: "You have failed me!
Welcome... death!"

♣ ♣ ♣♣ ♣♣♣♣♣ ♣♣♣
.♣♣♣~§.♣♣ ♣♣♣♣~♣♣
~~...~~.♣♣♣~....♣ .≈
♣~..♣♣~.~♣~~~~~.♣♣ ~.♣
~...♣♣♣~.♣.§~~~~~♣♣♣♣.t~~
###.♣♣~~♣♣.~~~~.°~.°)Z~~~
..##♣♣...†~~~~~.@D°i~§~~~
...#♣.~..)~~~~~ZwZ°~~~.~~
...#♣..§§~~~§♣♣♣○°°....~~
...#♣...~§~..♣ i~~ZZx♣♣~~
[.##♣~...~~.♣...~~~tZ..~~
###§♣♣♣♣♣^..♣♣♣.~~~§~~~~
~.#~♣ ♣♣♣♣♣ ♣~~~§~~~~.§
(~#~♣ ♣.§~~~~~~~. ~...♣
♣.§~~§~~.~


You could see a bunyip, an alligator, a seven-headed hydra (strong), a tyrant
leech (strong, ally target), a spriggan rider, a ghost crab (distracted, ally
target), a spriggan druid, a spectral death drake (summoned), a spectral
spriggan berserker (summoned), a friendly spectral spriggan, a friendly spectral
goliath frog, a friendly four-headed hydra zombie and a friendly swamp dragon
zombie.

Vanquished Creatures
  Gastronok (D:9)
  An eleionoma (Swamp:1)
  2 bunyips
  A rakshasa (D:15)
  Fannar (D:10)
  6 hydras
  An ice dragon (Lair:5)
  Erolcha (D:9)
  A catoblepas (D:13)
  2 centaur warriors
  A death knight (D:14)
  An ogre mage (D:9)
  3 two-headed ogres
  2 tengu warriors (D:15)
  2 boulder beetles
  An orc high priest (Orc:1)
  Nergalle (Lair:3)
  4 skysharks
  6 spriggans
  A goliath frog (Swamp:4)
  5 skeletal warriors
  2 spriggan druids
  4 swamp dragons
  A glowing orange brain (D:15)
  Pikel (D:7)
  2 bog bodies (Swamp:4)
  A deep elf zephyrmancer (Orc:1)
  4 lindwurms (Lair:5)
  A wizard (D:14)
  2 deep elf pyromancers (Orc:1)
  2 orc knights (Orc:2)
  2 orc sorcerers
  3 cyclopes
  3 will-o-the-wisps
  19 ugly things
  2 oklob plants
  9 elephants
  3 black mambas
  Maurice (D:8)
  3 slime creatures
  Joseph (D:7)
  4 gargoyles
  A rime drake (Lair:4)
  2 cane toads (shapeshifter)
  8 cane toads
  Psyche (D:7)
  2 torpor snails (Lair:5)
  2 freezing wraiths (D:14)
  A komodo dragon (shapeshifter) (D:15)
  A kobold demonologist (D:13)
  4 komodo dragons
  2 tengu conjurers (D:14)
  An efreet (D:14)
  2 meliai (D:15)
  7 trolls
  8 hornets
  A bloated husk (Swamp:4)
  13 blink frogs
  3 tyrant leeches
  A spriggan (shapeshifter) (D:15)
  Sigmund (D:3)
  A wraith (D:12)
  4 water elementals (D:14)
  A hog (shapeshifter) (D:14)
  A wyvern (D:10)
  2 vampires
  11 yaks
  Grum (D:8)
  2 basilisks
  13 vampire mosquitoes
  Menkaure (D:4)
  2 steam dragons
  4 swamp worms (Swamp:2)
  Edmund (D:4)
  2 wargs (Orc:1)
  An acid dragon (D:11)
  10 water moccasins
  32 orc warriors
  An ice beast (D:7)
  A swamp drake (Swamp:2)
  2 sky beasts
  7 wolves
  3 black bears
  8 ogres
  12 centaurs
  3 lemures (D:7)
  3 phantoms
  Blork the orc (D:4)
  2 kobold brigands (D:6)
  12 bullfrogs
  2 scorpions (D:6)
  6 wights
  5 killer bees (D:9)
  5 wolf zombies (Bailey)
  4 electric eels (D:14)
  A howler monkey (D:10)
  7 vampire bats (Bailey)
  3 jellies
  3 hounds
  12 orc priests
  2 gnoll boudas
  6 iguanas
  3 iron imps (D:3)
  A sleepcap (D:7)
  20 orc wizards
  5 hell rats (Lair:3)
  5 adders
  13 gnolls
  A shadow imp (D:8)
  2 white imps
  4 worms
  2 dart slugs
  68 orcs
  12 ball pythons
  9 bats
  7 endoplasms
  2 giant cockroaches (D:1)
  8 hobgoblins
  5 jackals
  5 quokkas
  A frilled lizard (D:3)
  5 goblins
  13 kobolds
  19 orc zombies (Bailey)
  6 rats
591 creatures vanquished.

Vanquished Creatures (collateral kills)
  Rupert (Lair:4)
  Jorgrun (Orc:1)
  An acid blob (Lair:5)
  A thorn hunter (Lair:2)
  2 fenstrider witches (Swamp:1)
  2 orc warlords (Orc:1)
  2 quicksilver oozes (Lair:5)
  An eleionoma (Swamp:4)
  3 bunyips
  2 great orbs of eyes (Lair:5)
  12 hydras
  A centaur warrior (D:15)
  A catoblepas (Lair:5)
  A boulder beetle (D:12)
  9 alligators
  3 death yaks (Lair:5)
  A deep elf knight (Orc:1)
  4 goliath frogs
  3 spriggan druids
  10 bog bodies
  5 swamp dragons (Swamp:4)
  2 orc knights (Orc:2)
  A lindwurm (Lair:5)
  2 manticores (Lair:5)
  5 ugly things
  An orc sorcerer (Orc:1)
  3 will-o-the-wisps (Swamp:3)
  3 cyclopes
  5 elephants
  A slime creature (D:15)
  3 black mambas (Lair:5)
  4 cane toads
  4 torpor snails (Lair:5)
  A komodo dragon (Lair:2)
  A meliai (D:15)
  9 hornets
  6 blink frogs
  2 dream sheep (Lair:5)
  5 tyrant leeches
  3 basilisks
  A vampire (D:11)
  5 spriggans
  2 wyverns (Lair:5)
  7 yaks
  7 vampire mosquitoes
  8 swamp worms
  4 water moccasins
  A black bear (shapeshifter) (D:15)
  8 swamp drakes
  4 ogres
  12 orc warriors
  2 wolves (Lair:2)
  8 centaurs
  A bullfrog (D:9)
  10 wights
  A killer bee (D:9)
  11 jellies (Lair:5)
  3 orc priests
  An iguana (Lair:2)
  2 orc wizards
  7 hell rats
  17 orcs
  4 goblins (D:9)
253 creatures vanquished.

Vanquished Creatures (others)
  An acid blob zombie (Lair:5)
  A hydra (Lair:5)
  A death yak (Lair:5)
  2 quicksilver ooze zombies (Lair:5)
  A tengu warrior (D:15)
  2 bunyip zombies
  A swamp dragon (Swamp:4)
  A bog body (Swamp:4)
  2 goliath frog zombies
  An orc knight (D:9)
  An ugly thing zombie (D:15)
  2 cyclopes
  An orc sorcerer (Orc:1)
  An elephant (Lair:5)
  A dwarf zombie (Orc:1)
  3 cane toads
  4 komodo dragons
  3 death yak zombies (Lair:5)
  A bloated husk (Swamp:4)
  2 polar bears (Lair:5)
  5 hydra zombies (Swamp:4)
  3 blink frogs (Lair:5)
  A great orb of eyes zombie (Lair:5)
  An alligator zombie (Swamp:1)
  18 dancing weapons
  A shadow (D:12)
  A black mamba zombie (Lair:5)
  2 yaks
  2 skyshark zombies (Lair:5)
  2 wargs (Orc:1)
  10 ogre zombies
  5 cane toad zombies (Lair:5)
  3 water moccasins (Lair:5)
  2 orc warriors
  A swamp drake (Swamp:4)
  2 elf zombies (Orc:1)
  6 hornet zombies
  A lindwurm zombie (Lair:5)
  A dream sheep zombie (Lair:5)
  An elephant zombie (Lair:5)
  3 ogres (Orc:1)
  7 blink frog zombies
  4 swamp dragon zombies (Swamp:4)
  A manticore zombie (Lair:5)
  2 torpor snail zombies (Lair:5)
  9 vampire mosquito zombies
  A komodo dragon zombie (Lair:5)
  3 bullfrogs (Lair:5)
  A wyvern zombie (Lair:5)
  3 cyclops zombies
  3 water moccasin zombies (Lair:5)
  3 warg zombies (Orc:1)
  8 yak zombies
  A polar bear zombie (Lair:5)
  4 wolf zombies (Lair:2)
  4 bullfrog zombies
  12 centaur zombies
  A basilisk zombie (Lair:5)
  An orc priest (D:15)
  2 orc wizards (Orc:1)
  3 hell rat zombies (Lair:5)
  6 swamp drake zombies (Swamp:4)
  5 jelly zombies (Lair:5)
  An orc (Orc:1)
  A goblin (D:9)
  66 orc zombies
  A quokka zombie (D:15)
  20 foxfires
276 creatures vanquished.

Grand Total: 1120 creatures vanquished

Notes
Turn   | Place    | Note
-------+----------+-------------------------------------------
     0 | D:1      | Nepgya the Vampire Enchanter began the quest for the Orb.
     0 | D:1      | Reached XP level 1. HP: 13/13 MP: 3/3
   116 | D:1      | Reached XP level 2. HP: 20/20 MP: 5/5
   126 | D:1      | Found a faded altar of an unknown god.
   485 | D:1      | Learned a level 2 spell: Ensorcelled Hibernation
   512 | D:2      | Gained mutation: You are afflicted with vampirism and can
                  | become a bat while bloodless. [Vampire growth]
   512 | D:2      | Reached XP level 3. HP: 25/25 MP: 6/6
   585 | D:2      | Reached skill level 1 in Fighting
   712 | D:2      | Reached skill level 5 in Stealth
   886 | D:2      | Reached skill level 5 in Hexes
  1294 | D:3      | Learned a level 3 spell: Tukima's Dance
  1324 | D:3      | Reached XP level 4. HP: 32/32 MP: 7/7
  1330 | D:3      | Found a hazy altar of Hepliaklqana.
  1680 | D:3      | Found a burning altar of Makhleb.
  1847 | D:3      | Noticed Sigmund
  1868 | D:3      | Killed Sigmund
  1869 | D:3      | Reached skill level 6 in Stealth
  1869 | D:3      | Reached XP level 5. HP: 35/38 MP: 8/8
  1938 | D:3      | Reached XP level 6. HP: 30/44 MP: 9/9
  2234 | D:4      | Noticed Edmund
  2243 | D:4      | Killed Edmund
  2311 | D:4      | Reached XP level 7. HP: 38/51 MP: 10/10
  2384 | D:4      | Reached skill level 7 in Stealth
  2450 | D:4      | Learned a level 3 spell: Dazzling Flash
  2474 | D:4      | Noticed Blork the orc
  2483 | D:4      | Killed Blork the orc
  2571 | D:4      | Noticed Menkaure
  2577 | D:4      | Killed Menkaure
  3152 | D:4      | Found an opulent altar of Gozag.
  3213 | D:5      | Entered Level 5 of the Dungeon
  3213 | D:5      | Noticed a hornet
  3215 | D:5      | Killed a hornet
  3216 | D:5      | Reached skill level 5 in Dodging
  3216 | D:5      | Reached skill level 8 in Stealth
  3216 | D:5      | Reached XP level 8. HP: 60/60 MP: 11/11
  3308 | D:5      | Found the +9 staff of Olgreb {rPois∞}
  3314 | D:5      | Found a runed translucent door.
  3322 | D:5      | Found a runed translucent gate.
  3322 | D:5      | Found a runed translucent gate.
  3323 | D:5      | Found a runed translucent door.
  3350 | D:5      | Found a runed translucent gate.
  3518 | D:5      | Reached skill level 5 in Short Blades
  4015 | D:5      | Found a staircase to the Ecumenical Temple.
  4182 | Temple   | Entered the Ecumenical Temple
  4182 | Temple   | Found a transporter.
  4182 | Temple   | Found a transporter.
  4184 | Temple   | Found a transporter.
  4184 | Temple   | Found a transporter.
  4203 | Temple   | Became a worshipper of Kikubaaqudgha
  4318 | D:6      | Reached skill level 9 in Stealth
  4382 | D:6      | Reached skill level 1 in Necromancy
  4465 | D:6      | Reached XP level 9. HP: 66/66 MP: 8/12
  4786 | D:6      | Identified the +4 trident "Qumadeoci" {venom, rCorr Int+3}
  5273 | D:6      | Reached * piety under Kikubaaqudgha
  5273 | D:6      | Received a gift from Kikubaaqudgha
  5582 | D:7      | Reached skill level 5 in Fighting
  5662 | D:7      | Learned a level 2 spell: Blink
  5686 | D:7      | Noticed Joseph
  5787 | D:7      | Noticed Pikel
  5849 | D:7      | Reached skill level 10 in Stealth
  6114 | D:7      | Killed Joseph
  6297 | D:7      | Found a blossoming altar of Fedhas.
  6477 | D:7      | Killed Pikel
  6545 | D:7      | Noticed an oklob plant
  6552 | D:7      | Killed an oklob plant
  6553 | D:7      | Reached XP level 10. HP: 74/74 MP: 15/15
  6677 | D:8      | Identified the +6 long sword "Muv Wox" {pain, Str+3 Int+2}
  6695 | D:8      | Noticed Maurice
  6701 | D:8      | Killed Maurice
  6886 | D:8      | Noticed Grum
  6902 | D:8      | HP: 3/75 [wolf[Grum] (2)]
  6985 | D:8      | Reached skill level 10 in Hexes
  7201 | D:8      | Reached skill level 11 in Stealth
  7225 | D:8      | Reached ** piety under Kikubaaqudgha
  7498 | D:8      | Noticed Psyche
  7693 | D:7      | Killed Psyche
  7705 | D:8      | Killed Grum
  7864 | D:8      | Found a staircase to the Lair.
  7922 | Lair:1   | Entered Level 1 of the Lair of Beasts
  7922 | Lair:1   | Noticed a cane toad
  7924 | Lair:1   | Killed a cane toad
  7925 | Lair:1   | Reached skill level 5 in Necromancy
  7930 | Lair:1   | Learned a level 4 spell: Animate Dead
  7987 | Lair:1   | Noticed a cane toad
  8000 | Lair:1   | Killed a cane toad
  8189 | Lair:1   | Noticed a cane toad
  8193 | Lair:1   | Killed a cane toad
  8317 | Lair:1   | Reached skill level 12 in Stealth
  8638 | Lair:2   | Noticed an elephant
  8638 | Lair:2   | Noticed an elephant
  8638 | Lair:2   | Noticed an elephant
  8638 | Lair:2   | Noticed an elephant
  8638 | Lair:2   | Noticed an elephant
  8638 | Lair:2   | Noticed an elephant
  8663 | Lair:1   | Killed an elephant
  8664 | Lair:1   | Reached XP level 11. HP: 75/83 MP: 12/17
  8720 | Lair:2   | Noticed an eight-headed hydra
  8728 | Lair:2   | Killed an eight-headed hydra
  9126 | Lair:2   | Found a staircase to the Swamp.
  9568 | Lair:2   | Reached skill level 13 in Stealth
 10220 | Lair:2   | Reached *** piety under Kikubaaqudgha
 10220 | Lair:2   | Received a gift from Kikubaaqudgha
 10346 | Lair:2   | Reached XP level 12. HP: 84/92 MP: 11/18
 10781 | Lair:3   | Found a hole to the Spider Nest.
 10855 | Lair:3   | Reached skill level 14 in Stealth
 11486 | Lair:3   | Noticed Nergalle
 11493 | Lair:3   | Killed Nergalle
 11682 | Lair:4   | Noticed Rupert
 11684 | Lair:4   | Paralysed by Rupert for 5 turns
 11686 | Lair:4   | Noticed a seven-headed hydra
 11933 | Lair:4   | Reached skill level 10 in Dodging
 12070 | Lair:4   | Killed Rupert
 12071 | Lair:4   | Reached skill level 10 in Short Blades
 12239 | Lair:4   | Noticed a five-headed hydra
 12250 | Lair:4   | Killed a seven-headed hydra
 12253 | Lair:4   | Killed a five-headed hydra
 12254 | Lair:4   | Reached skill level 15 in Stealth
 12762 | Lair:5   | Entered Level 5 of the Lair of Beasts
 12898 | Lair:5   | Noticed a five-headed hydra
 13351 | Lair:5   | Identified a scroll of acquirement
 13374 | Lair:5   | Acquired the +2 pair of gloves "Xelej" {rElec rC+ Stlth+}
 13431 | Lair:5   | Reached skill level 16 in Stealth
 13436 | Lair:5   | Reached XP level 13. HP: 66/101 MP: 12/19
 13526 | Lair:5   | Reached skill level 10 in Necromancy
 13730 | Lair:5   | Learned a level 6 spell: Death Channel
 13964 | Lair:5   | Found a runed translucent door.
 14271 | Lair:5   | Reached skill level 10 in Fighting
 14549 | Lair:5   | Paralysed by a hornet for 3 turns
 14623 | Lair:5   | Paralysed by a hornet for 1 turns
 14649 | Lair:5   | Reached skill level 17 in Stealth
 14649 | Lair:5   | Paralysed by a hornet for 1 turns
 14669 | Lair:5   | Reached skill level 5 in Spellcasting
 14848 | Lair:5   | Found a viscous altar of Jiyva.
 14848 | Lair:5   | Found a staircase to the Slime Pits.
 14901 | Lair:5   | Noticed a quicksilver ooze
 14901 | Lair:5   | Noticed a quicksilver ooze
 14924 | Lair:5   | Killed a quicksilver ooze
 14931 | Lair:5   | Killed a quicksilver ooze
 14961 | Lair:5   | Noticed an acid blob
 14970 | Lair:5   | Killed an acid blob
 15302 | Lair:5   | Reached XP level 14. HP: 83/110 MP: 19/25
 15955 | D:9      | Found a flagged portal.
 15972 | Bailey   | Entered a bailey
 16651 | D:9      | Found a hide-covered altar of Uskayaw.
 16677 | D:9      | Noticed Gastronok
 16714 | D:9      | Killed Gastronok
 16950 | D:9      | Noticed Erolcha
 16984 | D:9      | Killed Erolcha
 17878 | D:10     | Entered Level 10 of the Dungeon
 17948 | D:10     | Noticed Fannar
 18291 | D:10     | Killed Fannar
 18761 | D:10     | Found Ypujemu's Book Shop.
 19252 | D:10     | Identified the +0 lajatang "Gokh" {venom, Int+2}
 19308 | D:10     | Reached **** piety under Kikubaaqudgha
 19751 | D:10     | Found a sacrificial altar of Ru.
 20074 | D:11     | Found a runed translucent gate.
 20074 | D:11     | Found a runed translucent gate.
 20075 | D:11     | Found a runed translucent gate.
 20082 | D:11     | Noticed bimbombam's ghost (novice DrCj)
 20092 | D:11     | Identified the ring of Veiwn {AC+4 Slay+2}
 20230 | D:10     | Learned a level 5 spell: Borgnjor's Vile Clutch
 20403 | D:11     | Found a staircase to the Orcish Mines.
 20405 | D:11     | Found Zusuor's Armour Emporium.
 20780 | D:11     | You fall into a shaft and drop 1 floor!
 20783 | D:12     | Acquired Heukaala's Spellbook of Combined Vitiation
 21088 | D:12     | Reached skill level 1 in Summonings
 21879 | D:13     | Reached skill level 5 in Summonings
 22193 | D:13     | Acquired a +1 quick blade of venom
 22456 | D:14     | Reached ***** piety under Kikubaaqudgha
 23399 | D:14     | Found a gate to the Vaults.
 23596 | D:14     | Reached XP level 15. HP: 115/115 MP: 13/27
 24816 | D:15     | Entered Level 15 of the Dungeon
 24827 | D:15     | Reached skill level 10 in Summonings
 25170 | D:15     | Identified the +8 quarterstaff "Qiabapua" {heavy, *Rage
                  | Str+5 Int+8 Stlth+}
 25255 | D:15     | Learned a level 7 spell: Haunt
 25625 | D:15     | Found a staircase to the Depths.
 25822 | Orc:1    | Entered Level 1 of the Orcish Mines
 25857 | Orc:1    | Noticed Jorgrun
 25861 | Orc:1    | Identified the +6 chain mail "Fuwkequb" {rC+ Regen+}
 26093 | Orc:2    | Entered Level 2 of the Orcish Mines
 26163 | Orc:1    | Killed Jorgrun
 26331 | Orc:1    | Your ally Jorgrun died
 26569 | Orc:1    | Reached skill level 15 in Necromancy
 26720 | Orc:1    | Found a runed translucent gate.
 26720 | Orc:1    | Found a runed translucent gate.
 26720 | Orc:1    | Found a runed translucent gate.
 26755 | Orc:1    | Noticed ripuliukko's ghost (adept GrEE)
 27095 | Orc:2    | Reached ****** piety under Kikubaaqudgha
 27286 | Orc:2    | Found a staircase to the Elven Halls.
 27614 | Orc:2    | Received a gift from Kikubaaqudgha
 27973 | Orc:2    | Found Xoig's Antique Weapon Boutique.
 27973 | Orc:2    | Found Qucos Xiu's Distillery.
 27975 | Orc:2    | Found Jaavvu's Antique Weapon Shoppe.
 27977 | Orc:2    | Found Alusil's Assorted Antiques.
 27982 | Orc:2    | Bought a potion of ambrosia for 136 gold pieces
 27982 | Orc:2    | Bought a potion of curing for 51 gold pieces
 27989 | Orc:2    | Bought 2 potions of curing for 192 gold pieces
 27989 | Orc:2    | Bought a scroll of magic mapping for 240 gold pieces
 28222 | Swamp:1  | Entered Level 1 of the Swamp
 28222 | Swamp:1  | Noticed a thorn hunter
 28274 | Lair:2   | Killed a thorn hunter
 28568 | Swamp:1  | Reached XP level 16. HP: 122/122 MP: 22/29
 28756 | Swamp:1  | You fall into a shaft and drop 1 floor!
 29429 | Swamp:2  | Reached skill level 10 in Spellcasting
 30619 | Swamp:3  | Identified the staff of poison "Powen" {rPois rF- Int+2
                  | SInv}
 31080 | Swamp:4  | Entered Level 4 of the Swamp
 31449 | Swamp:4  | Got a decaying rune of Zot
 31620 | Swamp:4  | Mangled by a tyrant leech

Illustrated notes

Levels and vault maps discovered:
D:1:      roderic_chinese_lattice_arrival, layout_basic, basic_ecumenical_altar
D:2:      layout_loops_ring
D:3:      layout_basic, mainiacjoe_overflow_boulevard, demons_altar,
          uniq_sigmund
D:4:      layout_gridville, general_overflow_altar, uniq_menkaure, uniq_edmund,
          uniq_blork_the_orc
D:5:      layout_loops_ring, temple_hall, minmay_guarded_unrand_staff_of_olgreb
D:6:      layout_loops_ring, minmay_misc_feat_tower
D:7:      layout_basic, tgw_fedhas, uniq_pikel, uniq_joseph
D:8:      layout_cave_pools, lair_entry_dummy, minmay_fountain_box, uniq_psyche,
          uniq_grum, uniq_maurice
D:9:      layout_basic, mainiacjoe_overflow_divided_tiny, enter_bailey_5,
          chequers_big_river, uniq_gastronok, uniq_erolcha
D:10:     layout_layer_cave, nicolae_ru_the_path_less_chosen, serial_shops,
          nicolae_shop_stone, uniq_fannar
D:11:     layout_basic, orc_david_3, maelrawn_ghost_gauntlet_escape,
          minivault_10
D:12:     layout_roguey
D:13:     layout_rooms
D:14:     layout_basic, david_vaults_1, special_room [special_room_orc],
          serial_bayou, serial_bayou_pond_c, serial_bayou_pond_b,
          serial_bayou_ford_a, serial_bayou_lake_a
D:15:     gammafunk_enter_depths_forms, layout_irregular_city, serial_glass,
          glass_columns_b, glass_columns_c, glass_columns_a, feat_on_display,
          due_unseen_surprise, minmay_strange_pillars, minmay_strange_pillars,
          serial_bayou_pond_d, serial_park_tiny_pond, grunt_decor_resistance
Temple:   hellmonk_temple_divided_pantheon
Lair:1:   hellmonk_ruined_rings, layout_loops_ring
Lair:2:   layout_regular_city, minmay_swamp_entry_reptiles, lemuel_fruit_tree
Lair:3:   layout_long_grid, dummy_spider_entry, uniq_nergalle
Lair:4:   layout_long_grid, minivault_19, st_stairs_10, serial_bayou_pond_a,
          uniq_rupert
Lair:5:   wormcave, layout_long_grid, hangedman_lair_in_review,
          dpeg_slime_entry_enclosed, special_room [special_room_jelly]
Swamp:1:  layout_basic_swamp, evilmike_swamp_ruin_rubble_1, swamp_pool4
Swamp:2:  layout_basic_swamp, evilmike_swamp_ruin_house_5
Swamp:3:  layout_basic_swamp, nicolae_swamp_dense_foliage
Swamp:4:  grunt_swamp_rune_castle, layout_basic_swamp, swamp_pool1
Orc:1:    layout_caves, ebering_ghost_rock_garden, elf_legates, uniq_jorgrun
Orc:2:    st_orc_rangers, layout_diamond_mine

Skill      XL: |  1  2  3  4  5  6  7  8  9 10 11 12 13 14 15 16 |
---------------+-------------------------------------------------+-----
Fighting       | 1 2 3 4 5 6 7 9 10 | 10.7
Stealth        | 5 6 8 9 10 12 13 16 17 | 17.0
Short Blades   | 2 3 4 5 6 8 9 10 | 10.0
Hexes          | 5 6 7 8 9 10 | 10.0
Dodging        | 3 4 5 7 8 9 10 11 | 11.0
Necromancy     | 1 3 5 7 9 12 14 15 | 15.6
Spellcasting   | 3 4 7 8 9 10 | 10.7
Summonings     | 8 12 14 | 14.4

Action                     |  1- 3 |  4- 6 |  7- 9 | 10-12 | 13-15 | 16-18 || total
---------------------------+-------+-------+-------+-------+-------+-------++-------
  Melee: Dagger            |   127 |   167 |   298 |   118 |       |       ||   710
         Bite              |    12 |    17 |    23 |    86 |   360 |    53 ||   551
         Punch             |       |     3 |     3 |    10 |    50 |     4 ||    70
         Short sword       |       |       |       |   508 |  1078 |       ||  1586
         Quick blade       |       |       |       |       |  1210 |   361 ||  1571
  Throw: Dart              |       |       |       |       |     8 |       ||     8
   Cast: Ensorcelled Hiber |     3 |     1 |    57 |   139 |    95 |     7 ||   302
         Dazzling Flash    |       |       |     2 |     7 |     4 |       ||    13
         Tukima's Dance    |       |       |       |    11 |    76 |       ||    87
         Animate Dead      |       |       |       |    11 |    32 |     9 ||    52
         Blink             |       |       |       |     4 |     7 |       ||    11
         Death Channel     |       |       |       |       |    40 |    10 ||    50
         Borgnjor's Vile C |       |       |       |       |    11 |       ||    11
         Haunt             |       |       |       |       |     7 |    21 ||    28
 Invoke: Unearth Wretches  |       |       |       |     3 |    13 |       ||    16
         Receive Forbidden |       |       |       |       |     1 |       ||     1
Ability: Exsanguinate      |       |       |     1 |       |       |       ||     1
         Revivify          |       |       |     1 |       |       |       ||     1
  Evoke: Wand              |       |       |     1 |    10 |     5 |       ||    16
         Condenser vane    |       |       |       |       |     2 |       ||     2
    Use: Scroll            |     4 |     1 |     2 |    17 |    25 |     2 ||    51
         Potion            |       |     1 |     2 |    11 |     9 |     3 ||    26
   Stab: Sleeping          |    16 |     6 |    54 |    67 |    62 |     6 ||   211
         Invisible         |       |     1 |       |     5 |     1 |       ||     7
         Distracted        |       |       |       |    10 |    28 |     5 ||    43
         Paralysed         |       |       |       |     1 |     7 |       ||     8
         Confused          |       |       |       |       |     3 |     1 ||     4
         Petrifying        |       |       |       |       |     1 |       ||     1
         Petrified         |       |       |       |       |     1 |       ||     1
 Armour: Robe              |    26 |    10 |    56 |   116 |   415 |    83 ||   706
  Dodge: Dodged            |   101 |    68 |   236 |   436 |  1191 |   170 ||  2202
